 Dungeon Crawl Stone Soup version 0.31.0-11-ge490571c62 (webtiles) character file.

Game seed: 16992111656430249636

1 Goblin1989 the Sneak (level 1, -5/18 HPs)
             Began as a Demonspawn Delver on Feb 4, 2024.
             Slain by an iguana (11 damage)
             ... on level 5 of the Dungeon.
             The game lasted 00:02:29 (151 turns).

Goblin1989 the Sneak (Demonspawn Delver)             Turns: 151, Time: 00:02:30

Health: -5/18      AC:  3    Str: 12    XL:     1   Next: 16%
Magic:  1/1        EV: 11    Int: 10    God:
Gold:   10         SH:  0    Dex: 14    Spells: 0/0 levels left

rFire   . . .        a - +0 mace
rCold   . . .        (no shield)
rNeg    . . .        b - +0 leather armour
rPois   .            (no helmet)
rElec   .            (no cloak)
rCorr   .            (no gloves)
SInv    .            (no boots)
Will    .....        (no amulet)
Stlth   ++           (no ring)
HPRegen 0.23/turn    (no ring)
MPRegen 0.07/turn

%: no passive effects
@: no status effects
A: no striking features
a: no special abilities


You were on level 5 of the Dungeon.
You visited 1 branch of the dungeon, and saw 2 of its levels.

You collected 10 gold pieces.

Inventory:

Hand Weapons
 a - a +0 mace (weapon)
Missiles
 h - 7 stones (quivered)
Armour
 b - a +0 leather armour (worn)
Wands
 g - a wand of digging (3) {@v3}
Scrolls
 c - a scroll of fog
 i - a scroll of butterflies {unknown}
Potions
 f - a potion of haste {@q3,}
 j - a potion of might {unknown}


   Skills:
 - Level 3.0 Fighting
 + Level 1.9 Maces & Flails
 - Level 1.7 Dodging
 - Level 4.5 Stealth


You couldn't memorise any spells.
You didn't know any spells.
Your spell library was empty.

Dungeon Overview and Level Annotations

Branches:
Dungeon (5/15) Zot: 11846  Temple (0/1) D:5

Altars:

Annotations:
D:5 3 runed translucent doors, exclusions: centaur, iguana and upstairs, Yehuk's ghost, novice GrMo; phunky83's ghost, novice TrFi


Message History

Bad monster_list_colour key: strict_neutral Options error: Unknown explore stop condition 'gates' (Goblin1989.rc:83) Welcome, Goblin1989 the Demonspawn Delver.
If you return without finding the Orb of Zot, so far below, it's all over!
Press ? for a list of commands and other information.
Found 7 stones.
Found a stone staircase leading down.
Found 10 gold pieces.
You see here 7 stones.
h - 7 stones
Found a stone staircase leading up.
You now have 10 gold pieces.
Found a leather armour and a dagger.
There is a stone staircase leading up here.
You climb upwards.
The iguana hisses angrily.
There is a stone staircase leading down here.
You climb downwards.
There is a stone staircase leading up here.
Press: ? - help, v - describe, . - travel A stone staircase leading up.
Placed new exclusion.
Reduced exclusion size to a single square.
Found a war axe.
You see here a +0 war axe.
Found a runed translucent gate.
Found four items.
Yehuk's ghost turns its malevolent gaze towards you.
Found a robe and 20 gold pieces.
Phunky83's ghost turns its malevolent gaze towards you.
Phunky83's ghost sneers, "Only the weak need weapons."
Yehuk's ghost says very slowly, "There's no hope."
Found 24 gold pieces.
Yehuk's ghost says, "Ah, a second chance to prove myself in battle!"
i - a scroll labelled KAUNIFRUSO Yehuk's ghost whispers, "Soon you will have time, lots of time..."
Found a ruby potion.
j - a ruby potion A centaur comes into view.
An iguana comes into view.
A black bear comes into view.
The black bear growls angrily.
As you read the scroll of revelation, it crumbles to dust.
You feel aware of your surroundings.
You sensed 3 altars.
As you read the scroll of fear, it crumbles to dust.
You assume a fearsome visage.
The black bear looks frightened!
Found a stone staircase leading down.
A jackal comes into view.
Found a runed whip.
The jackal barks!
There is a stone staircase leading down here.
The jackal attacks as it pursues you! The jackal bites you.
You take 3 damage, and have 15/18 hp.
The jackal barely misses you.
You hit the jackal.
You kill the jackal!
Health restored: 18
Found an escape hatch in the ceiling.
Something bites the plant.
The plant begins to die.
You hear an angry hiss.
Found 11 gold pieces.
Something hits the plant.
There is an escape hatch in the ceiling here.
A phantom comes into view.
Found a staircase to the Ecumenical Temple.
You closely miss the iguana.
A nearby plant withers and dies.
The iguana barely misses you. The iguana bites you!
Ouch! That really hurt!
* * * LOW HITPOINT WARNING * * *
You take 11 damage, and have 7/18 hp.
MASSIVE DAMAGE!!
You hit the iguana but do no damage. The iguana closely misses you.
You hit the iguana.
The iguana is moderately wounded.
The iguana barely misses you.
You completely miss the iguana.
The iguana is moderately wounded.
The iguana bites you.
* * * LOW HITPOINT WARNING * * *
The iguana bites you!
Ouch! That really hurt!
You die... ·▓▓▓▓·····▓▓ ▓·▓▓▓▓▓▓·▓ ▓▓▓▓▓······▓ █..······▓ ······▓·▓▓·▓▓ █$█▓▓▓▓▓▓▓ ▓ ▓▓▓▓▓▓▓▓▓▓··▓▓ █.█ ▓ ▓···▓ █.█ ▓ ████ ▓▓██·▓███.█ ▓ ...█ ▓▓·█...█.█.██ ▓ ██.█ ▓··..>..Wl..█ ▓ )..█ ▓··▓···▓·█@.█ ▓ ████

▓··▓▓·▓▓▓█<.█ ▓ ▓▓·▓···▓▓█..█ ▓
▓·▓▓...██..████ ▓ ▓·▓▓▓█........█
▓███ █ ▓·▓ █.██..██.█████████...
█████████▓ █·▓█...█.............
...█PΨP[██▓▓▓·▓█...█████████.....
█..█....8█▓····....█ █.██.█


You could see a phantom and an iguana.

Vanquished Creatures
  A jackal (D:5)
1 creature vanquished.

Notes
Turn   | Place    | Note
-------+----------+-------------------------------------------
     0 | D:5      | Goblin1989 the Demonspawn Delver began the quest for the
                  | Orb.
     0 | D:5      | Reached XP level 1. HP: 18/18 MP: 1/1
    14 | D:4      | Noticed an iguana
    54 | D:5      | Found a runed translucent gate.
    56 | D:5      | Found a runed translucent gate.
    56 | D:5      | Found a runed translucent gate.
    56 | D:5      | Noticed phunky83's ghost (novice TrFi)
    56 | D:5      | Noticed Yehuk's ghost (novice GrMo)
    92 | D:5      | Noticed a centaur
    93 | D:5      | Noticed an iguana
   105 | D:5      | Noticed a black bear
   147 | D:5      | Found a staircase to the Ecumenical Temple.
   147 | D:5      | Noticed a phantom
   151 | D:5      | Slain by an iguana

Illustrated notes

Levels and vault maps discovered:
D:4:      layout_rooms, ebering_ghost_gozag, uniq_edmund,
          uniq_crazy_yiuf_cottage
D:5:      layout_loops_ring, mainiacjoe_overflow_brackets,
          nicolae_qazlal_eye_of_the_storm, trog_book,
          minmay_temple_entry_gardened_gates, gammafunk_ghost_cemetery,
          chequers_decorated_corner

Action                     || total
---------------------------++-------
  Melee: Mace              ||     5
    Use: Scroll            ||     2
 Armour: Leather armour    ||     4
  Dodge: Dodged            ||     4
